 Dungeon Crawl Stone Soup version 0.30-a0-721-ga6a225cb13 (webtiles) character file.

Game seed: 10135697143389918131

5140 BjarkeEik the Cleaver (level 10, -10/88 HPs)
             Began as a Hill Orc Fighter on Jan 27, 2023.
             Was a Believer of Okawaru.
             Mangled by a two-headed ogre
             ... wielding a +0 giant club
              (16 damage)
             ... on level 10 of the Dungeon.
             The game lasted 01:06:08 (8369 turns).

BjarkeEik the Cleaver (Hill Orc Fighter)            Turns: 8369, Time: 01:06:09

Health: -10/88     AC: 14    Str: 30    XL:     10   Next: 58%
Magic:  0/10       EV: 10    Int: 17    God:    Okawaru [**....]
Gold:   49         SH:  4    Dex: 10    Spells: 9/9 levels left

rFire   . . .      SeeInvis .    m - +4 flail
rCold   . . .      Faith    .    c - +0 buckler
rNeg    . . .      Spirit   +    b - +1 scale mail of the Grue {Drain Int+9}
rPois   .          Reflect  .    (no helmet)
rElec   .          Harm     .    t - +1 cloak
rCorr   .          Rampage  .    (no gloves)
Will    .....                    (no boots) Stlth
                                 o - amulet of guardian spirit
HPRegen 0.34/turn                u - +6 ring of strength
MPRegen 0.12/turn                j - +4 ring of protection

@: studying Unarmed Combat
A: no striking features
a: Renounce Religion, Heroism


You were on level 10 of the Dungeon.
You worshipped Okawaru.
Okawaru was pleased with you.
You visited 1 branch of the dungeon, and saw 10 of its levels.

You collected 574 gold pieces.
You spent 525 gold pieces at shops.

Inventory:

Hand Weapons
 m - a +4 flail (weapon)
 E - a +6 hand axe
Missiles
 d - a throwing net
 y - 64 stones (quivered)
Armour
 b - the +1 scale mail of the Grue (worn) {Drain Int+9}
   (You bought it in a shop on level 8 of the Dungeon)

   Int:       It affects your intelligence (+9).
   Drain:     It drains your maximum health when unequipped.
 c - a +0 buckler (worn)
 t - a +1 cloak (worn)
 z - a +0 plate armour
Jewellery
 j - a +4 ring of protection (right hand)
 l - a +5 ring of evasion
 o - an amulet of guardian spirit (around neck)
 u - a +6 ring of strength (left hand)
Scrolls
 f - a scroll of enchant armour {unknown}
 g - 4 scrolls of amnesia
 n - a scroll of vulnerability {unknown}
 r - 6 scrolls of identify
 s - 3 scrolls of fear {unknown}
 w - 2 scrolls of blinking {unknown}
Potions
 a - 2 potions of heal wounds
 e - 2 potions of degeneration {unknown}
 h - 2 potions of attraction {unknown}
 i - a potion of brilliance
 q - a potion of mutation {unknown}
 v - 2 potions of cancellation
 x - 2 potions of ambrosia
 A - a potion of lignification
 B - 3 potions of flight {unknown}
 C - a potion of curing


   Skills:
 + Level 8.2(4.2) Fighting
 + Level 12.7(9.1) Axes
 * Level 4.0 Maces & Flails
 + Level 0.1(0.0) Throwing
 + Level 8.9(4.9) Armour
 + Level 3.1(1.5) Dodging
 + Level 1.2(0.6) Stealth
 + Level 5.1(2.5) Shields


You had 9 spell levels left.
You didn't know any spells.
Your spell library contained the following spells:

 Spells                   Type           Power      Damage    Failure   Level
 Leda's Liquefaction      Hex/Erth       0%         N/A       99%         4
 Lee's Rapid Deconstruct  Erth           0%         3d4*      100%        5
 Statue Form              Tmut/Erth      0%         N/A       100%        6
 Orb of Destruction       Conj           0%         9d5       100%        7
 Summon Guardian Golem    Hex/Summ       Unusable   N/A       N/A         3
 Spellforged Servitor     Conj/Summ      Unusable   N/A       N/A         7

Dungeon Overview and Level Annotations

Branches:
Dungeon (10/15)            Temple (0/1) D:5
   Lair: D:8-11         Orc: D:9-12

Altars:
Ashenzari
Dithmenos
Elyvilon
Okawaru
Sif Muna
Uskayaw
Zin
The Shining One

Shops:
D:1 !=   D:5 [:   D:8 :[*


Message History

There is an open door here.
There is an escape hatch in the floor here.
You open the door.
There is an open door here.
Found a stone staircase leading down.
There is a stone staircase leading down here.
You can't go up here!
You climb downwards.
The two-headed ogre shouts in stereo!
Found an escape hatch in the floor.
There is a stone staircase leading up here.
A two-headed ogre is nearby!
An orc comes into view. It is wielding a +0 hand axe.
You barely miss the two-headed ogre.
The orc shouts!
The two-headed ogre hits you with a +0 giant club! x2
You sock the two-headed ogre!
The two-headed ogre is lightly wounded.
The two-headed ogre hits you with a +0 giant club!!
The two-headed ogre hits you with a +0 giant club.
You sock the two-headed ogre!
The two-headed ogre is moderately wounded.
The two-headed ogre hits you but does no damage. x2
You thump the two-headed ogre!
The two-headed ogre is heavily wounded.
An orc wizard comes into view. It is wielding a +0 dagger.
You closely miss the two-headed ogre.
The two-headed ogre is heavily wounded.
The two-headed ogre hits you with a +0 giant club!!
* * * LOW HITPOINT WARNING * * *
The two-headed ogre hits you with a +0 giant club!!
* * * LOW HITPOINT WARNING * * *
You block the orc's attack. The orc attacks as you move away!
The orc hits you with a +0 hand axe.
* * * LOW HITPOINT WARNING * * *
There is a stone staircase leading up here.
You can't go down here!
You block the orc's attack. The two-headed ogre misses you.
The two-headed ogre hits you with a +0 giant club!
You die...

##########
#........#
#....@...#
###...Oo...#
...........#
###........#
#..........#
#....o...#...
#.>......####
####.##### #.


You could see a two-headed ogre, an orc wizard and an orc.

Vanquished Creatures
  Grinder (D:3)
  A wyvern (D:8)
  6 yaks (D:5)
  A steam dragon (D:7)
  Edmund (D:4)
  A water moccasin (D:5)
  5 ice beasts
  2 orc warriors
  3 black bears
  2 ogres (D:5)
  A sky beast (D:8)
  2 centaurs
  2 kobold brigands
  4 bullfrogs
  A gnoll sergeant (D:8)
  2 scorpions
  4 wights (D:8)
  4 killer bees (D:8)
  2 electric eels (D:8)
  3 howler monkeys (D:8)
  A jelly (D:6)
  8 hounds
  Crazy Yiuf (D:4)
  5 orc priests
  5 iguanas
  Natasha (thrice) (D:2)
  6 orc wizards
  13 gnolls
  7 adders
  A shadow imp (D:5)
  A white imp (D:8)
  4 ufetubi
  4 worms
  2 dart slugs
  30 orcs
  11 ball pythons
  3 bats (D:2)
  7 endoplasms
  3 giant cockroaches
  5 goblins
  7 hobgoblins
  4 jackals (D:2)
  14 kobolds
  4 quokkas
  4 frilled lizards
  A rat (D:2)
202 creatures vanquished.

Vanquished Creatures (others)
  9 plants
9 creatures vanquished.

Grand Total: 211 creatures vanquished

Notes
Turn   | Place    | Note
-------+----------+-------------------------------------------
     0 | D:1      | BjarkeEik the Hill Orc Fighter began the quest for the Orb.
     0 | D:1      | Reached XP level 1. HP: 19/19 MP: 1/1
   222 | D:1      | Found Bamat's Distillery.
   232 | D:1      | Reached XP level 2. HP: 27/27 MP: 2/2
   234 | D:1      | Found Pow Jeco's Jewellery Boutique.
   330 | D:2      | Reached skill level 3 in Axes
   722 | D:1      | Reached XP level 3. HP: 29/33 MP: 3/3
  1144 | D:2      | Noticed Natasha
  1151 | D:2      | Killed Natasha
  1152 | D:2      | Reached XP level 4. HP: 29/40 MP: 4/4
  1165 | D:2      | Noticed Natasha
  1175 | D:2      | Killed Natasha
  1176 | D:2      | Reached skill level 4 in Axes
  1346 | D:2      | Noticed Natasha
  1365 | D:2      | Killed Natasha
  1366 | D:2      | Reached XP level 5. HP: 40/47 MP: 5/5
  1487 | D:3      | Reached skill level 5 in Axes
  1654 | D:3      | Noticed Grinder
  1699 | D:3      | Paralysed by Grinder for 4 turns
  1828 | D:3      | Paralysed by Grinder for 2 turns
  1835 | D:3      | Killed Grinder
  1836 | D:3      | Reached skill level 6 in Axes
  1836 | D:3      | Reached skill level 5 in Armour
  1836 | D:3      | Reached XP level 6. HP: 15/55 MP: 6/6
  2159 | D:5      | Entered Level 5 of the Dungeon
  2241 | D:4      | Reached skill level 5 in Fighting
  2241 | D:4      | Reached XP level 7. HP: 42/61 MP: 7/7
  2466 | D:4      | Reached skill level 1 in Dodging
  2641 | D:4      | Reached skill level 7 in Axes
  2673 | D:4      | Noticed Edmund
  2692 | D:4      | Killed Edmund
  2868 | D:4      | Found a broken altar of Ashenzari.
  2901 | D:4      | Became a worshipper of Ashenzari the Shackled
  2961 | D:4      | Found a runed translucent door.
  2962 | D:4      | Noticed Crazy Yiuf
  2971 | D:4      | Killed Crazy Yiuf
  3130 | D:5      | Found Fuvveawk's Book Emporium.
  3164 | D:5      | Reached skill level 8 in Axes
  3164 | D:5      | Reached XP level 8. HP: 51/69 MP: 8/8
  3374 | D:5      | Noticed a yak
  3374 | D:5      | Noticed a yak
  3374 | D:5      | Noticed a yak
  3374 | D:5      | Noticed a yak
  3374 | D:5      | Noticed a yak
  3375 | D:5      | Noticed a yak
  3404 | D:5      | Killed a yak
  3418 | D:5      | Killed a yak
  3419 | D:5      | Reached skill level 9 in Axes
  3429 | D:5      | Killed a yak
  3430 | D:5      | Killed a yak
  3432 | D:5      | Killed a yak
  3433 | D:5      | Reached skill level 10 in Axes
  3433 | D:5      | Reached XP level 9. HP: 31/78 MP: 9/9
  3656 | D:5      | Found a staircase to the Ecumenical Temple.
  3671 | D:5      | Found Vuphipo's Armour Boutique.
  3886 | D:5      | Found a glowing golden altar of the Shining One.
  3886 | D:5      | Found a glowing silver altar of Zin.
  3886 | D:5      | Found a white marble altar of Elyvilon.
  3986 | D:6      | Reached skill level 11 in Axes
  4350 | D:6      | Found an iron altar of Okawaru.
  4385 | D:6      | Fell from the grace of Ashenzari
  4385 | D:6      | Became a worshipper of Warmaster Okawaru
  5195 | D:7      | Reached skill level 12 in Axes
  5971 | D:7      | Reached XP level 10. HP: 71/88 MP: 10/10
  6099 | D:8      | Reached * piety under Okawaru
  6100 | D:8      | Reached skill level 5 in Shields
  6447 | D:8      | Found Acees's Assorted Antiques.
  6566 | D:8      | Bought a dented platinum amulet for 145 gold pieces
  6821 | D:8      | Found Aczabeo's Armour Shop.
  6831 | D:8      | Found Equpniat's Book Emporium.
  6865 | D:8      | Found a transporter.
  6881 | D:8      | Reached skill level 1 in Stealth
  6889 | D:8      | Reached skill level 1 in Maces & Flails
  7047 | D:8      | Found a transporter.
  7209 | D:8      | Found a shimmering blue altar of Sif Muna.
  7209 | D:8      | Found a shadowy altar of Dithmenos.
  7410 | D:8      | Identified the +6 glaive of the Dwarven Hall {heavy,
                  | Fragile Fly rCorr}
  7771 | D:8      | Bought the +1 scale mail of the Grue {Drain Int+9} for 380
                  | gold pieces
  7800 | D:9      | Found a hide-covered altar of Uskayaw.
  7808 | D:10     | Entered Level 10 of the Dungeon
  7908 | D:9      | Reached ** piety under Okawaru
  8359 | D:10     | Noticed a two-headed ogre
  8369 | D:10     | Mangled by a two-headed ogre

Illustrated notes

Levels and vault maps discovered:
D:1:      eino_arrival_cavern_a, layout_basic, serial_shops, shop, shop,
          minmay_liquid_box
D:2:      layout_basic, uniq_natasha
D:3:      layout_basic, cheibrodos_sewer_entry_bend, uniq_grinder
D:4:      layout_gridville, lemuel_crystal_altar, nrook_mini_backslash,
          guppyfry_early_lair_pool, uniq_edmund, uniq_crazy_yiuf_cottage
D:5:      layout_cave_pools, good_gods_mini_temple,
          minmay_temple_entry_gardened_gates, serial_shops, shop,
          nicolae_shop_stone, hangedman_minor_gate_pass
D:6:      layout_basic, okawaru_altar_gauntlet_db
D:7:      dreamdust_elfheim, layout_basic
D:8:      gammafunk_steamed_eel, layout_basic,
          gammafunk_temple_overflow_elements, serial_shops, nicolae_shop_trees,
          shop, shop, grunt_ministairs_4, sigmund_army
D:9:      layout_loops_corners, eat_drink_and_be_merry_uskayaw, grunt_tough_drop
D:10:     layout_roguey, nzn_hepliaklqana_mist_gate, lair_entry_dummy,
          kennysheep_generic_room_6, uniq_joseph

Skill      XL: |  1  2  3  4  5  6  7  8  9 10 |
---------------+-------------------------------+-----
Axes           | 3 4 6 8 10 12 | 12.7
Fighting       | 4 5 6 7 8 |  8.2
Armour         | 4 5 6 7 8 |  8.9
Shields        | 4 5 |  5.1
Dodging        | 1 2 3 |  3.1
Stealth        | 1 |  1.2
Maces & Flails | 4 |  4.0
Throwing       | |  0.1

Action                     |  1- 3 |  4- 6 |  7- 9 | 10-12 || total
---------------------------+-------+-------+-------+-------++-------
  Melee: War axe           |    89 |   167 |   341 |    82 ||   679
         Flail             |       |       |       |   137 ||   137
  Throw: Stone             |       |       |       |     1 ||     1
         Throwing net      |       |       |       |     1 ||     1
 Invoke: Heroism           |       |       |       |     1 ||     1
    Use: Potion            |     1 |     3 |     8 |     6 ||    18
         Scroll            |       |     4 |       |       ||     4
 Armour: Scale mail        |    25 |    49 |   104 |    50 ||   228
         Skin              |       |     3 |       |       ||     3
         Plate armour      |       |       |     3 |    84 ||    87
  Dodge: Dodged            |    71 |    97 |   261 |   166 ||   595
  Block: Buckler           |    20 |    27 |    64 |    54 ||   165

Table legend: (Time is in decaauts)
 A = Elapsed time spent in this place.
 B = Non-inter-level travel time spent in this place.
 C = Inter-level travel time spent in this place.
 D = Time resting spent in this place.
 E = Time spent auto-exploring this place.
 F = Levels seen in this place.
 G = Mean time per level.
                   A        B        C        D        E       F      G
               +--------+--------+--------+--------+--------+-----+--------+
         Total |   8553 |   8551 |      2 |   2629 |   1390 |  10 |  855.3 |
       Dungeon |   8553 |   8551 |      2 |   2629 |   1390 |  10 |  855.3 |
               +--------+--------+--------+--------+--------+-----+--------+

Top non-repeatable levels by time:
     D:8: 1738 daAuts
     D:6: 1146 daAuts
     D:4: 1041 daAuts
     D:7: 992 daAuts
     D:1: 963 daAuts
     D:5: 866 daAuts
     D:3: 696 daAuts
     D:9: 574 daAuts
     D:2: 512 daAuts
    D:10: 21 daAuts
